Map: Lightshade LE

Players

Bunny - Winner!

  • Race: Terran Terran

MaxPax

  • Race: Protoss Protoss

Event: DreamHack SC2 Masters 2021 Fall

VOD

Have the link to the VOD?

Description

Time

  • Played on: Sept. 8, 2021, 11:30 a.m.
  • Length: 9:43

All games in this series

Show
View Real Time Build Order
Export as new Build Order

Bunny Terran - Winner!

Build Orders:  

Get SALT Encoding   

  12  0:00  SCV  
  13  0:12  SCV  
  14  0:16  Supply Depot  
  14  0:25  SCV  
  15  0:38  SCV  
  15  0:40  Barracks  
  16  0:43  Refinery  
  16  0:50  SCV  
  17  1:02  SCV  
  18  1:14  SCV  
  19  1:28  Marine, Orbital Command  
  20  1:44  Command Center  
  20  1:47  Barracks Reactor  
  20  1:52  Supply Depot  
  20  1:55  SCV  
  21  2:05  Barracks  
  21  2:07  SCV  
  22  2:18  Bunker  
  22  2:19  SCV  
  23  2:23  Marine  
  23  2:24  Marine  
  23  2:29  Barracks  
  25  2:31  SCV  
  26  2:41  Marine x2  
  26  2:43  SCV  
  29  2:52  Barracks Tech Lab  
  29  2:55  SCV, Orbital Command  
  30  2:59  Marine x2  
  32  3:08  SCV  
  32  3:10  Marine  
  32  3:11  Stimpack  
  34  3:16  Barracks Tech Lab  
  34  3:17  Marine x2  
  36  3:20  SCV  
  36  3:21  SCV  
  36  3:23  Supply Depot  
  38  3:29  Marine  
  38  3:32  SCV  
  38  3:33  SCV  
  41  3:35  Marine x2  
  41  3:36  Marine  
  41  3:37  Combat Shield  
  41  3:40  Refinery  
  44  3:44  SCV  
  44  3:45  SCV  
  44  3:48  Supply Depot  
  46  3:49  Marine  
  46  3:52  Marine  
  46  3:53  Marine x2  
  50  4:00  SCV x2  
  52  4:09  Marauder  
  54  4:12  Supply Depot x2, Marauder, SCV x2  
  54  4:14  Marine  
  54  4:16  Marine  
  60  4:22  Engineering Bay  
  60  4:24  SCV x2  
  62  4:32  Factory  
  62  4:34  Marauder  
  62  4:36  Marine x2  
  66  4:40  Refinery, SCV x2  
  68  4:48  Supply Depot  
  68  4:51  Concussive Shells, Terran Infantry Weapons Level 1  
  68  4:53  SCV x2  
  68  4:59  Supply Depot, Marauder  
  72  5:00  Marauder  
  72  5:03  Marine x2  
  76  5:07  SCV x2  
  76  5:12  Refinery  
  76  5:19  SCV x2, Starport  
  76  5:20  Factory Reactor  
  77  5:24  Marauder  
  77  5:25  Marine x2  
  77  5:26  Supply Depot  
  83  5:28  Marauder  
  83  5:31  SCV x2  
  85  5:39  Supply Depot  
  85  5:48  Command Center  
  85  5:54  Supply Depot  
  85  5:56  SCV x2  
  87  6:02  Factory Reactor  
  87  6:03  Medivac  
  87  6:04  Medivac  
  91  6:07  Marauder  
  91  6:08  Marauder  
  94  6:14  Marine x2  
  94  6:16  SCV x2  
  98  6:20  Supply Depot  
  98  6:30  SCV x2  
  98  6:32  Supply Depot  
  100  6:33  Medivac  
  100  6:34  Medivac  
  100  6:39  Marine, Marauder x2  
  109  6:41  Marine  
  109  6:45  Widow Mine  
  114  6:47  Widow Mine  
  114  6:54  Missile Turret  
  114  6:55  SCV x2  
  115  7:08  Barracks x2  
  115  7:10  SCV x2  
  117  7:17  Marine x2, Marauder x2  
  117  7:18  Widow Mine x2  
  117  7:22  SCV x2  
  129  7:23  Terran Infantry Armor Level 1, Medivac  
  129  7:24  Medivac  
  130  7:32  Orbital Command  
  130  7:34  SCV x2  
  131  7:45  Widow Mine  
  131  7:46  SCV x2, Widow Mine  
  131  7:50  Missile Turret  
  139  7:51  Marauder x2  
  139  7:53  Marine x2  
  144  7:58  SCV x3  
  144  8:00  Supply Depot  
  144  8:02  Supply Depot  
  144  8:04  Viking  
  148  8:12  Barracks Reactor, Barracks Tech Lab  
  148  8:15  Armory  
  148  8:16  SCV, Ghost Academy, Engineering Bay  
  149  8:22  Viking, SCV x2  
  149  8:23  Refinery x2  
  149  8:25  Supply Depot  
  153  8:30  Marine x2, Marauder x2  
  159  8:36  SCV x3  
  164  8:48  Marauder  
  164  8:51  Marine x2, Marauder x2  
  165  8:56  Marine x2  
  165  9:00  Viking x2  
  162  9:09  Ghost  
  148  9:12  Marine x2, Ghost x2  
  148  9:16  Missile Turret  
  152  9:19  SCV  
  152  9:20  SCV x2  
  152  9:24  Marine x2  
  158  9:36  Command Center  
  164  9:42  Missile Turret  
Show
View Real Time Build Order
Export as new Build Order

MaxPax Protoss 

Build Orders: 1 Gate Expand, Blink Stalkers, Colossus Rush 

Get SALT Encoding   

  12  0:00  Probe  
  13  0:12  Probe  
  14  0:17  Pylon  
  14  0:24  Probe (Chrono Boost)  
  16  0:36  Probe (Chrono Boost)  
  16  0:38  Gateway  
  16  0:43  Probe (Chrono Boost)  
  16  0:47  Assimilator  
  17  0:51  Probe  
  18  1:03  Probe  
  19  1:15  Probe  
  20  1:24  Nexus  
  20  1:33  Cybernetics Core  
  20  1:36  Probe  
  21  1:42  Assimilator  
  21  1:48  Probe  
  21  1:53  Pylon  
  22  2:00  Probe  
  23  2:08  Stalker (Chrono Boost)  
  23  2:09  Warp Gate  
  23  2:13  Probe  
  26  2:25  Probe  
  26  2:26  Twilight Council  
  26  2:29  Adept (Chrono Boost)  
  27  2:36  Probe  
  30  2:37  Probe  
  31  2:47  Gateway  
  31  2:48  Probe  
  31  2:49  Probe  
  33  2:57  Blink (Chrono Boost)  
  33  3:00  Probe  
  33  3:01  Probe  
  35  3:13  Probe x2  
  37  3:21  Robotics Facility  
  37  3:25  Probe x2  
  39  3:32  Pylon  
  39  3:37  Gateway, Probe x2  
  41  3:49  Probe  
  41  3:53  Assimilator  
  42  3:55  Probe  
  42  3:58  Stalker x2  
  42  4:01  Pylon  
  42  4:02  Shield Battery  
  47  4:04  Probe  
  47  4:07  Warp Prism  
  47  4:08  Probe  
  51  4:12  Assimilator  
  51  4:16  Pylon, Probe  
  52  4:23  Stalker  
  52  4:24  Stalker  
  56  4:29  Probe  
  57  4:32  Robotics Bay  
  57  4:33  Probe  
  56  4:38  Stalker  
  58  4:47  Probe  
  58  4:49  Shield Battery  
  58  4:50  Forge  
  58  4:51  Stalker  
  61  4:57  Stalker  
  63  5:02  Stalker  
  63  5:06  Observer  
  64  5:14  Sentry  
  60  5:21  Charge  
  60  5:25  Sentry  
  60  5:27  Pylon  
  60  5:28  Stalker  
  64  5:29  Probe  
  64  5:33  Pylon  
  65  5:36  Probe  
  65  5:41  Probe  
  67  5:43  Colossus (Chrono Boost)  
  67  5:48  Pylon  
  73  5:50  Nexus  
  73  5:51  Probe  
  74  5:58  Zealot x3  
  74  6:02  Stalker x3  
  80  6:08  Protoss Ground Weapons Level 1 (Chrono Boost)  
  80  6:09  Probe  
  81  6:14  Probe  
  82  6:19  Gateway  
  82  6:20  Gateway  
  82  6:21  Probe  
  82  6:26  Probe  
  82  6:30  Gateway  
  83  6:33  Probe  
  83  6:34  Colossus (Chrono Boost)  
  83  6:38  Probe  
  91  6:43  Extended Thermal Lance  
  91  6:53  Zealot  
  93  6:59  Pylon  
  93  7:02  Pylon  
  93  7:03  Zealot x2  
  93  7:04  Gateway  
  93  7:05  Shield Battery  
  89  7:18  Colossus (Chrono Boost)  
  89  7:28  Stalker  
  89  7:29  Stalker x4  
  97  7:30  Probe  
  97  7:36  Probe  
  95  7:39  Gateway  
  91  7:45  Probe  
  91  7:46  Stalker  
  91  7:49  Pylon  
  92  7:58  Probe x3  
  94  8:01  Dark Shrine  
  95  8:10  Probe  
  95  8:12  Assimilator x2  
  96  8:15  Pylon  
  96  8:17  Stalker x6  
  105  8:42  Pylon  
  105  8:43  Stalker x2  
  105  8:44  Zealot x3  
  109  8:49  Zealot x2  
  109  8:50  Disruptor  
  83  9:10  Zealot x3  
  83  9:16  Probe  
  76  9:34  Dark Templar  
  76  9:37  Dark Templar  
  75  9:38  Pylon  
  75  9:40  Nexus  

Tags
 
Add a new tag
Caveats
  • Supply blocks, unpowered buildings, or Contaminate may cause inaccurate times.
  • Supply counts are checked every 10 seconds.